 Dungeon Crawl Stone Soup version 0.30-a0-591-g3c58d2bc28 (webtiles) character file.

Game seed: 12649697405289930141

2198 omnomnOMINOUS the Magician (level 9, -4/61 HPs)
             Began as an Octopode Wanderer on Jan 5, 2023.
             Was a Priest of Ignis.
             Splashed by a jelly's acid (5 damage)
             ... on level 6 of the Dungeon.
             The game lasted 00:11:47 (5161 turns).

omnomnOMINOUS the Magician (Octopode Wanderer)      Turns: 5161, Time: 00:11:47

Health: -4/61      AC: -9    Str: 11    XL:     9   Next: 34%
Magic:  19/19      EV: 15    Int: 20    God:    Ignis [***...]
Gold:   338        SH:  5    Dex: 16    Spells: 14/21 levels left

rFire   + . .      SeeInvis .    a - +2 spear (venom)
rCold   . . .      Faith    .    c - +0 buckler
rNeg    . . .      Spirit   .    j - +2 hat
rPois   .          Reflect  .    (no amulet)
rElec   .          Harm     .    x - +6 ring of intelligence
rCorr   .          Rampage  .    (no ring)
Will    .....                    (no ring)
Stlth   ++                       (no ring)
HPRegen 0.30/turn                (no ring)
MPRegen 0.16/turn                (no ring)
                                 (no ring)
                                 (no ring)

@: corroded, attractive
A: almost no armour, amphibious, 8 rings, camouflage 1, gelatinous body 1,
(nimble swimmer 1), tentacles
a: Renounce Religion, Fiery Armour, Foxfire Swarm, Rising Flame


You were on level 6 of the Dungeon.
You worshipped Ignis.
Ignis was most pleased with you.
You visited 1 branch of the dungeon, and saw 6 of its levels.

You collected 338 gold pieces.

Inventory:

Hand Weapons
 a - a +2 spear of venom (weapon)
 b - a +0 hand axe
 q - a +4 quarterstaff of chaos
 L - a +2 dagger of freezing
Missiles
 l - 5 atropa-tipped darts (quivered)
Armour
 c - a +0 buckler (worn)
 j - a +2 hat (worn)
Magical Staves
 p - a staff of poison
 u - a staff of air
 J - a staff of death
Jewellery
 x - a +6 ring of intelligence (left tentacle)
 E - a ring of fire
 G - a +6 ring of dexterity
 K - an amulet of faith
Wands
 D - a wand of flame (23)
Scrolls
 e - 3 scrolls of immolation {unknown}
 f - a scroll of brand weapon {unknown}
 h - 4 scrolls of identify {unknown}
 i - 3 scrolls of teleportation {unknown}
 k - a scroll of acquirement {unknown}
 m - 2 scrolls of noise {unknown}
 o - 2 scrolls of enchant armour {unknown}
 r - a scroll of poison {unknown}
 s - a scroll of vulnerability {unknown}
 t - a scroll of fog {unknown}
 y - a scroll of amnesia {unknown}
Potions
 d - a potion of berserk rage
 g - a potion of magic {unknown}
 n - 3 potions of attraction
 v - a potion of flight {unknown}
 w - a potion of lignification {unknown}
 z - a potion of degeneration {unknown}
 A - 2 potions of ambrosia {unknown}
 B - a potion of resistance {unknown}
 C - 4 potions of curing {unknown}
 F - a potion of brilliance {unknown}
 H - a potion of haste {unknown}
 I - a potion of might {unknown}


   Skills:
 + Level 5.5 Fighting
 - Level 3.0 Axes
 + Level 5.8 Dodging
 - Level 5.0 Shields
 + Level 6.9 Spellcasting
 * Level 2.5 Conjurations
 * Level 2.4 Fire Magic


You had 14 spell levels left.
You knew the following spells:

 Your Spells              Type           Power      Damage    Failure   Level
a - Apportation           Tloc           12%        N/A       12%         1
b - Starburst             Conj/Fire      8%         6d4       100%        6

Your spell library contained the following spells:

 Spells                   Type           Power      Damage    Failure   Level
 Freeze                   Ice            24%        1d4       12%         1
 Dazzling Flash           Conj/Hex       24%        N/A       22%         3
 Hailstorm                Conj/Ice       12%        3d5       22%         3
 Frozen Ramparts          Ice            12%        1d2       36%         3
 Iskenderun's Mystic Bla  Conj/Tloc      12%        2d5       56%         4
 Alistair's Intoxication  Tmut/Pois      4%         N/A       98%         5


Dungeon Overview and Level Annotations

Branches:
Dungeon (6/15)
 Temple: D:4-7

Altars:
Dithmenos
Makhleb
Nemelex Xobeh
Ru
Sif Muna
Trog
Wu Jian
Xom
Ignis


Innate Abilities, Weirdness & Mutations

You cannot wear most types of armour.
You are amphibious.
You can wear up to eight rings at the same time.
Your skin changes colour to match your surroundings (Stealth+).
Your rubbery body absorbs attacks. (AC +1, EV +1)
((You are camouflaged when in or above water. (Stealth+)))
You have tentacles for arms and can constrict up to eight enemies at once.


Message History

You grab the black bear.
The black bear is almost dead.
You constrict the black bear.
You kill the black bear!
Your life force feels restored.
You hit the jelly. The acid corrodes you!
Your tentacles burn!
The jelly is moderately wounded.
The jelly barely misses you.
You hit the jelly.
Your tentacles burn!
You squeeze the jelly.
The jelly is heavily wounded.
The jelly hits you. The acid corrodes you!
You are splashed with acid!
You hit the jelly. The acid corrodes you!
Your tentacles burn!
The jelly is severely wounded.
The jelly closely misses you.
You hit the jelly but do no damage.
Your tentacles burn!
The jelly is severely wounded.
The jelly hits you.
You are splashed with acid!
The jelly barely misses you.
You hit the jelly.
Your tentacles burn!
The jelly is severely wounded.
You block the jelly's attack.
You hit the jelly but do no damage.
Your tentacles burn!
The jelly is severely wounded.
The jelly hits you.
* * * LOW HITPOINT WARNING * * *
You are splashed with acid!
* * * LOW HITPOINT WARNING * * *
Okay, then.
Unknown command.
It was a potion of attraction.
You feel attractive to monsters.
The jelly jiggles.
The jelly barely misses you.
You hit the jelly but do no damage.
Your tentacles burn!
* * * LOW HITPOINT WARNING * * *
You squeeze the jelly.
The jelly is almost dead.
The jelly hits you.
* * * LOW HITPOINT WARNING * * *
You are splashed with acid.
You die...

.#####.#...####.........
#.##.## ##.......#
#..### ##.....## ##.#
##...## #.# ##+## #.#
#.# #.# #.# #.#
#####.#### #@# ......##.
#J# #....... #.....#
###...... #.#.#.#
#........
#.#..........##.#... #
### ##.## #.#.#. #
#.#(#. .######.#...
........####


You could see a jelly.

Vanquished Creatures
  Eustachio (D:5)
  4 yaks (D:5)
  A water moccasin (D:5)
  A black bear (D:6)
  2 ogres
  A centaur (D:5)
  A phantom (D:6)
  5 scorpions
  A necrophage (D:5)
  3 wights (D:6)
  4 hounds
  A jelly (D:5)
  Crazy Yiuf (D:3)
  3 iguanas
  An orc wizard (D:6)
  Robin (D:2)
  5 adders
  A white imp (D:5)
  3 worms
  3 dart slugs
  9 orcs
  12 ball pythons
  8 bats
  6 endoplasms
  5 giant cockroaches
  15 goblins
  5 hobgoblins
  2 jackals (D:2)
  8 kobolds
  2 quokkas (D:1)
  4 frilled lizards
  6 rats
125 creatures vanquished.

Vanquished Creatures (others)
  91 foxfires
  A fungus (D:1)
  8 plants (D:4)
100 creatures vanquished.

Grand Total: 225 creatures vanquished

Notes
Turn   | Place    | Note
-------+----------+-------------------------------------------
     0 | D:1      | omnomnOMINOUS the Octopode Wanderer began the quest for the
                  | Orb.
     0 | D:1      | omnomnOMINOUS set off with the following items: a +0 hand
                  | axe, a +2 hat, a +0 buckler, a potion of berserk rage.
     0 | D:1      | Reached XP level 1. HP: 13/13 MP: 1/1
    56 | D:1      | Reached XP level 2. HP: 18/18 MP: 1/3
   190 | D:1      | Reached skill level 1 in Spellcasting
   418 | D:1      | Reached XP level 3. HP: 19/23 MP: 4/4
   604 | D:1      | Found a faded altar of an unknown god.
   611 | D:1      | Prayed at the altar of an unknown god.
   611 | D:1      | Became a worshipper of Ignis, the Dying Flame
   758 | D:2      | Found a shadowy altar of Dithmenos.
   763 | D:2      | Noticed a scorpion
   771 | D:2      | Killed a scorpion
   772 | D:2      | Reached skill level 2 in Spellcasting
   772 | D:2      | Reached XP level 4. HP: 29/29 MP: 5/7
   985 | D:2      | Noticed Robin
   997 | D:2      | Killed Robin
   998 | D:2      | Reached XP level 5. HP: 13/34 MP: 8/8
  1125 | D:2      | You fall into a shaft and drop 1 floor!
  1138 | D:3      | Found a runed translucent door.
  1139 | D:3      | Noticed Crazy Yiuf
  1147 | D:3      | Killed Crazy Yiuf
  1232 | D:3      | Found a bloodstained altar of Trog.
  2194 | D:3      | Found a shimmering blue altar of Sif Muna.
  2198 | D:3      | Reached skill level 3 in Spellcasting
  2202 | D:3      | Found a sparkling altar of Nemelex Xobeh.
  2238 | D:3      | Reached XP level 6. HP: 41/41 MP: 10/10
  2502 | D:4      | Found an ornate altar of the Wu Jian Council.
  2954 | D:4      | Found a burning altar of Makhleb.
  3281 | D:5      | Entered Level 5 of the Dungeon
  3281 | D:5      | Noticed a yak
  3281 | D:5      | Noticed a yak
  3281 | D:5      | Noticed a yak
  3282 | D:5      | Noticed a yak
  3303 | D:5      | Reached skill level 5 in Shields
  3341 | D:5      | Reached skill level 4 in Spellcasting
  3341 | D:5      | Reached XP level 7. HP: 42/46 MP: 11/13
  3620 | D:5      | Killed a yak
  3625 | D:5      | Killed a yak
  3625 | D:5      | Killed a yak
  3626 | D:5      | Reached skill level 5 in Spellcasting
  3626 | D:5      | Reached XP level 8. HP: 54/54 MP: 13/16
  3633 | D:5      | Killed a yak
  3761 | D:5      | Reached skill level 5 in Dodging
  3761 | D:5      | Reached skill level 6 in Spellcasting
  3924 | D:5      | Reached skill level 5 in Fighting
  3933 | D:5      | Noticed Eustachio
  3942 | D:5      | Killed Eustachio
  4089 | D:5      | Found a shimmering altar of Xom.
  4092 | D:5      | Learned a level 1 spell: Apportation
  4092 | D:5      | Found a sacrificial altar of Ru.
  4107 | D:5      | Learned a level 6 spell: Starburst
  4233 | D:6      | Reached XP level 9. HP: 47/61 MP: 19/19
  4326 | D:6      | Reached skill level 1 in Conjurations
  4330 | D:6      | Reached skill level 1 in Fire Magic
  4587 | D:6      | Found a shadowy altar of Dithmenos.
  5161 | D:6      | HP: 2/61 [acid (5)]
  5161 | D:6      | Splashed by a jelly's acid

Illustrated notes

Levels and vault maps discovered:
D:1:      lightli_arrival_statuegarden, layout_basic,
          shapermc_ecumenical_altar_mp_urbaneastern,
          chequers_serial_rivers_micro_a, serial_bayou_pond_a,
          minmay_pentomino_p4
D:2:      layout_basic, basic_altar, grunt_ministairs_4, uniq_robin
D:3:      layout_loops_ring, amcnicky_altar_gilded, jmf_multi_god_temple,
          uniq_crazy_yiuf_cottage
D:4:      wad_lake_hut, layout_basic, kennysheep_mini_moat,
          mainiacjoe_overflow_paths, hangedman_decor_opposing,
          serial_bayou_ford_a
D:5:      layout_rooms, nicolae_overflow_two_pavilions, uniq_eustachio
D:6:      layout_loops_corners, grunt_dithmenos_smoke

Skill      XL: |  1  2  3  4  5  6  7  8  9 |
---------------+----------------------------+-----
Spellcasting   | 1 2 3 4 5 6 |  6.9
Fighting       | 2 3 4 5 |  5.5
Dodging        | 3 4 5 |  5.8
Shields        | 5 |  5.0
Conjurations   | 2 |  2.5
Fire Magic     | 2 |  2.4
Axes           | |  3.0

Action                   |  1- 3 |  4- 6 |  7- 9 || total
-------------------------+-------+-------+-------++-------
Melee: Hand axe          |    39 |       |       ||    39
       Constrict         |    10 |    27 |    21 ||    58
       Tentacles         |    11 |    30 |    42 ||    83
       Spear             |     5 |   147 |   108 ||   260
       Punch             |       |     1 |     1 ||     2
Invok: Foxfire Swarm     |       |       |     4 ||     4
  Use: Potion            |       |       |     1 ||     1
 Stab: Sleeping          |     7 |    15 |     1 ||    23
Armor: Skin              |     8 |     6 |    12 ||    26
Dodge: Dodged            |    16 |    47 |    63 ||   126
Block: Buckler           |    12 |    14 |    19 ||    45

Table legend: (Time is in decaauts)
 A = Elapsed time spent in this place.
 B = Non-inter-level travel time spent in this place.
 C = Inter-level travel time spent in this place.
 D = Time resting spent in this place.
 E = Time spent auto-exploring this place.
 F = Levels seen in this place.
 G = Mean time per level.
                   A        B        C        D        E       F      G
               +--------+--------+--------+--------+--------+-----+--------+
         Total |   5184 |   4906 |    278 |    635 |   3303 |   6 |  864.0 |
       Dungeon |   5184 |   4906 |    278 |    635 |   3303 |   6 |  864.0 |
               +--------+--------+--------+--------+--------+-----+--------+

Top non-repeatable levels by time:
     D:5: 1145 daAuts
     D:2: 1007 daAuts
     D:4: 833 daAuts
     D:3: 758 daAuts
     D:1: 748 daAuts
     D:6: 691 daAuts
